 Dungeon Crawl Stone Soup version 0.31-a0-446-g07c4bd200f (webtiles) character file.

Game seed: 10914511905918837791

4 Ethylacetat the Insei (level 1, 0/11 HPs)
             Began as a Vine Stalker Monk on Aug 3, 2023.
             Slain by a jackal (2 damage)
             ... on level 1 of the Dungeon.
             The game lasted 00:00:25 (142 turns).

Ethylacetat the Insei (Vine Stalker Monk)            Turns: 142, Time: 00:00:25

Health: 0/11       AC:  2    Str: 13    XL:     1   Next: 60%
Magic:  0/2        EV: 12    Int: 10    God:
Gold:   0          SH:  0    Dex: 16    Spells: 0/0 levels left

rFire   . .          .
                       - Unarmed
rCold   . . .        c - orb {light}
rNeg    . . .        a - +0 robe
rPois   .            (no helmet)
rElec   .            (no cloak)
rCorr   .            (no gloves)
SInv    .            (no boots)
Will    .....        (no amulet)
Stlth   +            (no ring)
HPRegen 0.21/turn    (no ring)
MPRegen 0.08/turn

%: guardian spirit
@: glowing
A: fangs 2, magic shield, antimagic bite, no potion heal 2
a: no special abilities


You were on level 1 of the Dungeon.
You visited 1 branch of the dungeon, and saw 1 of its levels.

Inventory:

Armour
 a - a +0 robe (worn)
 c - an orb of light (worn)
Scrolls
 d - a scroll of summoning {unknown}
Potions
 b - a potion of ambrosia


   Skills:
 + Level 2.8 Fighting
 - Level 2.4 Dodging
 + Level 3.1 Unarmed Combat
 + Level 0.4 Spellcasting


You couldn't memorise any spells.
You didn't know any spells.
Your spell library was empty.

Dungeon Overview and Level Annotations

Branches:
Dungeon (1/15)

Altars:


Innate Abilities, Weirdness & Mutations

You have extremely sharp teeth.
When hurt, damage is shared between your health and your magic reserves.
Your bite disrupts and absorbs the magic of your enemies.
Potions cannot restore your health.


Message History

You are too injured to fight recklessly!
Unknown command.
You are too injured to fight recklessly!
You are too injured to fight recklessly!
You are too injured to fight recklessly!
You are too injured to fight recklessly!
You are too injured to fight recklessly!
You are too injured to fight recklessly!
You barely miss the jackal. You bite the jackal, but do no damage.
The jackal is moderately wounded.
The jackal barely misses you. The jackal bites you.
* * * LOW HITPOINT WARNING * * *
You hit the jackal. You bite the jackal, but do no damage.
The jackal is almost dead.
The jackal bites you but does no damage.
You hit the jackal.
You kill the jackal!
The bat hits you but does no damage.
You hit the bat.
You kill the bat!
You hit the jackal. You bite the jackal. You drain its power.
You feel invigorated.
The jackal is heavily wounded.
The jackal bites you.
* * * LOW HITPOINT WARNING * * *
The jackal barely misses you. The jackal bites you.
* * * LOW HITPOINT WARNING * * *
The jackal bites you.
You hit the jackal. You bite the jackal. You drain its power.
You feel invigorated.
The jackal is severely wounded.
The jackal barely misses you. x2
You closely miss the jackal.
The jackal is severely wounded.
The jackal bites you but does no damage.
The jackal bites you.
You hit the jackal but do no damage.
The jackal is severely wounded.
The jackal misses you. The jackal bites you.
You die...

≈≈≈≈≈#'#+#≈≈~...#
###'##..>'≈≈~...#
..†..#...'≈≈~...#
####.#'#'#≈≈~...#
...#...#≈≈~~....#
.<.'.⌠.'~≈~..⌠..#
...'.⌠.'~~~..⌠..#
...#...#~≈≈~....##
####.###+#≈≈~...@###
.....'...'≈≈~...hhh#
###'##..('≈≈~...##)......
≈≈≈≈≈#'#+#≈≈~...# #.....h
≈≈≈≈≈≈≈≈≈≈≈≈~...# .....g
≈≈≈≈≈≈≈≈≈≈≈≈~...# .....
~~≈~~~~~~≈~~~...# .....
..............#.# ....
..$...........# . ....


You could see 3 jackals.

Vanquished Creatures
  2 bats (D:1)
  A jackal (D:1)
  A goblin (D:1)
4 creatures vanquished.

Notes
Turn   | Place    | Note
-------+----------+-------------------------------------------
     0 | D:1      | Ethylacetat the Vine Stalker Monk began the quest for the
                  | Orb.
     0 | D:1      | Reached XP level 1. HP: 11/11 MP: 2/2
   142 | D:1      | Slain by a jackal

Illustrated notes

Levels and vault maps discovered:
D:1:      dpeg_arrival_castle, layout_basic, chequers_ecumenical_altar_simple,
          st_stairs_2

Action                     || total
---------------------------++-------
  Melee: Unarmed           ||    14
         Bite              ||     4
 Armour: Robe              ||     6
  Dodge: Dodged            ||     7

Table legend: (Time is in decaauts)
 A = Elapsed time spent in this place.
 B = Non-inter-level travel time spent in this place.
 C = Inter-level travel time spent in this place.
 D = Time resting spent in this place.
 E = Time spent auto-exploring this place.
 F = Levels seen in this place.
 G = Mean time per level.
                   A        B        C        D        E       F      G
               +--------+--------+--------+--------+--------+-----+--------+
         Total |    143 |    143 |      0 |      0 |    116 |   1 |  143.0 |
       Dungeon |    143 |    143 |      0 |      0 |    116 |   1 |  143.0 |
               +--------+--------+--------+--------+--------+-----+--------+

Top non-repeatable levels by time:
     D:1: 143 daAuts
